 Dungeon Crawl Stone Soup version 0.25-a0-100-g33052ceff8 (webtiles) character file.

Game seed: 14206757197082972167, levelgen mode: deterministic

20523 DavidChitty2 the Thaumaturge (level 12, -9/72 HPs)
             Began as a Deep Elf Wizard on Nov 14, 2019.
             Was an Elder of Vehumet.
             Killed from afar by a hell hog (23 damage)
             ... with a fireball
             ... in a Gauntlet.
             The game lasted 01:08:38 (21095 turns).

DavidChitty2 the Thaumaturge (Deep Elf Wizard)     Turns: 21095, Time: 01:08:39

Health: -9/72      AC:  9    Str:  5    XL:     12   Next: 46%
Magic:  3/31       EV: 19    Int: 36    God:    Vehumet [****..]
Gold:   581        SH:  0    Dex: 13    Spells: 9/37 levels left

rFire    + . .     SeeInvis +   b - +1 spear (venom)
rCold    . . .     Gourm    .   (no shield)
rNeg     . . .     Faith    .   N - +2 robe {rC+ rF+}
rPois    +         Spirit   .   f - +1 helmet
rElec    +         Reflect  .   y - +0 cloak
rCorr    .         Harm     .   (no gloves)
MR       +....     NoTele   +   G - +1 pair of boots {Stlth+}
Stlth    +++.......             q - amulet of Uwkehipn {rElec rC- Regen+ Int+8 SInv}
HPRegen  0.62/turn              z - ring of see invisible
MPRegen  0.22/turn              m - ring of poison resistance

@: no status effects
A: no striking features
a: Renounce Religion


You were in a Gauntlet.
You worshipped Vehumet.
Vehumet was greatly pleased with you.
You were not hungry.

You visited 3 branches of the dungeon, and saw 15 of its levels.
You also visited: Gauntlet.

You collected 828 gold pieces.
You spent 247 gold pieces at shops.

Inventory:

Hand Weapons
 a - a +0 hunting sling
   (You took it off a goblin on level 2 of the Dungeon)
 b - a +1 spear of venom (weapon)
   (You found it on level 2 of the Dungeon)
 w - a +2 dagger of venom
   (You took it off a goblin on level 1 of the Dungeon)
Missiles
 h - 430 stones (quivered)
 l - 65 sling bullets
 p - 3 throwing nets {!f}
Armour
 f - a +1 helmet (worn)
   (You found it on level 1 of the Dungeon)
 k - a +1 robe of magic resistance
   (You took it off Sigmund on level 6 of the Dungeon)
 y - a +0 cloak (worn)
   (You found it on level 6 of the Dungeon)
 G - a +1 pair of boots of stealth (worn)
   (You bought it in a shop on level 10 of the Dungeon)
 N - a +2 robe of resistance (worn)
   (You took it off Nergalle on level 4 of the Lair of Beasts)
 P - a +2 pair of boots of flying
   (You found it in a Gauntlet)
Jewellery
 m - a ring of poison resistance (right hand)
   (You found it on level 9 of the Dungeon)
 q - the amulet of Uwkehipn (around neck) {rElec rC- Regen+ Int+8 SInv}
   (You found it on level 6 of the Dungeon)

   [amulet of regeneration]

   It affects your intelligence (+8).
   It makes you vulnerable to cold.
   It insulates you from electricity.
   It lets you see invisible.
   It increases your rate of regeneration.
 x - an uncursed amulet of regeneration
   (You took it off Edmund on level 6 of the Dungeon)
 z - a ring of see invisible (left hand)
   (You found it on level 3 of the Dungeon)
 O - the amulet "Kuefu" {Regen+ Str+3, unknown}
   (You found it in a Gauntlet)

   [amulet of regeneration]

   It affects your strength (+3).
   It increases your rate of regeneration.
 Q - a +3 ring of intelligence {unknown}
   (You found it in a Gauntlet)
Wands
 u - a wand of paralysis (6)
   (You found it on level 7 of the Dungeon)
 A - a wand of enslavement (11)
   (You found it on level 9 of the Dungeon)
 L - a wand of polymorph (15)
   (You found it on level 2 of the Lair of Beasts)
Scrolls
 c - 5 scrolls of amnesia
 i - 5 scrolls of teleportation {@r4}
 j - 3 scrolls of remove curse {@r2}
 n - 2 scrolls of enchant weapon
 B - 3 scrolls of enchant armour
 E - a scroll of blinking
 H - a scroll of magic mapping
 I - a scroll of fog
Potions
 d - 3 potions of resistance
 g - 2 potions of haste {@q3}
 o - 2 potions of curing {@q1}
 r - a potion of heal wounds {@q2}
 s - 3 potions of might
 t - a potion of brilliance
 C - 2 potions of agility
 D - a potion of ambrosia {unknown}
 F - 2 potions of lignification {!q}
 J - a potion of invisibility {unknown}
 K - 2 potions of flight
Miscellaneous
 v - a box of beasts
Comestibles
 e - 16 rations {!d}


   Skills:
 + Level 7.4 Fighting
 * Level 3.6 Polearms
 + Level 11.8 Dodging
 - Level 2.4 Stealth
 + Level 13.1 Spellcasting
 - Level 8.0 Conjurations
 + Level 4.1 Charms
 - Level 4.0 Summonings
 - Level 2.0 Translocations
 * Level 2.1 Transmutations
 - Level 4.0 Fire Magic
 - Level 4.0 Ice Magic
 + Level 3.5 Air Magic
 - Level 4.0 Poison Magic


You had 9 spell levels left.
You knew the following spells:

 Your Spells              Type           Power        Failure   Level  Hunger
a - Magic Dart            Conj           ####         1%          1    None
b - Blink                 Tloc           N/A          1%          2    None
c - Conjure Flame         Conj/Fire      ######..     1%          3    None
d - Deflect Missiles      Chrm/Air       ######....   47%         6    ###....
m - Mephitic Cloud        Conj/Pois/Air  ######..     1%          3    None
o - Olgreb's Toxic Radia  Pois           ######..     1%          4    None
s - Summon Ice Beast      Ice/Summ       ######..     3%          4    None
x - Ignite Poison         Fire/Tmut/Pois #####...     1%          3    None
y - Call Imp              Summ           ######..     1%          2    None

Your spell library contained the following spells:

 Spells                   Type           Power        Failure   Level  Hunger
 Beastly Appendage        Tmut           #####.       1%          1    None
 Confusing Touch          Hex            ###...       1%          1    None
 Freeze                   Ice            ####         1%          1    None
 Sandblast                Erth           ###...       1%          1    None
 Passwall                 Tmut/Erth      ####....     1%          2    None
 Sticks to Snakes         Tmut           #####...     1%          2    None
 Throw Frost              Conj/Ice       ######       1%          2    None
 Ozocubu's Armour         Chrm/Ice       ######..     1%          3    None
 Spider Form              Tmut/Pois      #####.....   1%          3    None
 Stone Arrow              Conj/Erth      ######       1%          3    None
 Throw Icicle             Conj/Ice       ######..     1%          4    None
 Slow                     Hex            ###.....     2%          2    None
 Regeneration             Chrm/Necr      #####.....   2%          3    None
 Portal Projectile        Hex/Tloc       ####..       3%          3    None
 Ice Form                 Ice/Tmut       #####...     4%          4    None
 Yara's Violent Unravell  Hex/Tmut       ####......   9%          5    None
 Petrify                  Tmut/Erth      ####....     11%         4    None
 Lee's Rapid Deconstruct  Erth           ###.......   13%         5    None
 Cause Fear               Hex            ###.......   17%         4    None
 Blade Hands              Tmut           #####.....   19%         5    None
 Metabolic Englaciation   Hex/Ice        #####.....   21%         5    None
 Silence                  Hex/Air        #####.....   22%         5    None
 Darkness                 Hex            ###.......   95%         6    ###....
 Discord                  Hex            ###.......   100%        8    ######.


Dungeon Overview and Level Annotations

Branches:
Dungeon (10/15)            Temple (1/1) D:5            Lair (4/6) D:10
 Spider (0/4) Lair:2      Gauntlet (1/1)
  Swamp: Lair:2-4    Shoals: Lair:2-4       Orc: D:9-12

Altars:
Ashenzari
Cheibriados
Dithmenos
Elyvilon
Fedhas
Gozag
Hepliaklqana
Kikubaaqudgha
Makhleb
Nemelex Xobeh
Okawaru
Qazlal
Ru
Sif Muna
Trog
Uskayaw
Vehumet
Wu Jian
Xom
Yredelemnul
Zin
The Shining One

Shops:
D:6 %   D:8 (   D:10 *

Annotations:
Gauntlet 7 transporters


Message History

You hear an angry squeal.
You feel much better. The hell hound breathes flames at you.
The blast of flame hits you! You resist. The hell hound completely misses you.
A chill wind blows around you. The hell hound closely misses you.
The hell hog breathes fire at you.
The fireball explodes!
The fireball engulfs the hell hound.
The hell hound completely resists.
The fireball engulfs the hell hog!
The hell hog resists.
The fireball engulfs your ice beast!!!
Your ice beast melts!
Your ice beast dies!
The fireball engulfs you! You resist. The hell hound bites you!
* * * LOW HITPOINT WARNING * * *
The hell hound misses you. The hell hound barely misses you.
You blink.
The fire bat bites you.
* * * LOW HITPOINT WARNING * * *
You are engulfed in flames.
You resist.
* * * LOW HITPOINT WARNING * * *
The fire bat closely misses you.
Okay, then.
You begin to radiate toxic energy.
The fire bat is poisoned.
The hell hog is poisoned.
The fire bat looks even sicker.
The hell hog looks even sicker.
You kill the fire bat!
Vehumet accepts your kill.
You feel your power returning. The hell hog bites you.
* * * LOW HITPOINT WARNING * * *
The hell hound breathes flames at you.
The blast of flame hits the hell hound.
The hell hound completely resists.
The blast of flame hits you. You resist.
* * * LOW HITPOINT WARNING * * *
The hell hound breathes flames at you. The blast of flame hits you. You resist.
* * * LOW HITPOINT WARNING * * *
You feel much better.
The hell hog looks even sicker.
The hell hog bites you!
* * * LOW HITPOINT WARNING * * *
The hell hog closely misses you. The hell hound breathes flames at you.
The blast of flame misses you.
You feel much better.
The hell hog looks as sick as possible!
Your toxic aura wanes.
The hell hound bites you.
* * * LOW HITPOINT WARNING * * *
The hell hound breathes flames at you.
The blast of flame hits the hell hound.
The hell hound completely resists.
The blast of flame misses you. The hell hound bites you.
* * * LOW HITPOINT WARNING * * *
The hell hog breathes fire at you.
The fireball explodes!
The fireball engulfs you!! You resist.
You die...

#≈....................
##.#########...#######
##≈.#.......#.⌠.#...... ##.
#≈≈.#=.#....#...#.####. ....
##≈.#.###...#####^..^.#
##.⌠. ##.#©.#©#..#©.©####©^#
.....##..#$..###.#.⌠.#55.#.#
#.⌠.#...#:hhh#..#...##.$#5#
#...#.∩.#.@h....#.⌠.#5#.#35
#.©.#...#########...#######
#...#.⌠.....#.....⌠.#......
#.©.#...#########...#######
#...#.∩.#.2...#h#.⌠.#.'...#
#.⌠.#...#[###.#h#...#.###.#
.....##..#.^.###.#.⌠.#...#..
##.⌠ ##.#©..©...#©.©###.###
... ##≈.#=^.###.#####©#....


You could see a balrug, a hell hog and 4 hell hounds.

Vanquished Creatures
  A death yak (D:10)
  Nergalle (Lair:4)
  5 elephants
  A komodo dragon (Lair:4)
  3 jumping spiders (Lair:2)
  A hippogriff (D:8)
  5 redbacks (Lair:2)
  Sigmund (D:6)
  13 yaks
  A fire bat (Gauntlet)
  A wraith (D:10)
  Edmund (D:6)
  2 water moccasins
  2 orc warriors
  An ice beast (D:9)
  A sky beast (D:5)
  2 phantoms
  3 ogres
  A centaur (D:5)
  A crocodile (Lair:2)
  8 bullfrogs
  A gnoll sergeant (D:6)
  3 elf skeletons (D:4)
  A water moccasin zombie (D:5)
  2 scorpions
  2 water moccasin skeletons
  A killer bee (D:7)
  5 wights (D:8)
  5 crimson imps
  2 centaur zombies (D:9)
  A quasit (D:6)
  3 bullfrog zombies
  4 orc priests
  3 hounds
  4 jellies
  9 orc wizards
  2 bullfrog skeletons (D:9)
  A human zombie (D:4)
  4 iguanas
  4 human skeletons (D:4)
  9 worker ants
  A hound skeleton (D:9)
  2 worker ant zombies (D:10)
  8 adders
  A howler monkey skeleton (D:3)
  3 ufetubi (Gauntlet)
  An ooze (D:4)
  2 adder zombies
  2 worms
  6 leopard geckos
  23 orcs
  3 ball pythons
  7 giant cockroaches
  7 goblins
  8 hobgoblins
  A jackal (D:6)
  2 quokkas
  7 bats
  4 frilled lizards
  A jackal skeleton (D:4)
  5 kobolds
  A leopard gecko skeleton (D:6)
  2 leopard gecko zombies
  3 orc skeletons (D:4)
  3 rats
224 creatures vanquished.

Vanquished Creatures (collateral kills)
  Gastronok (Lair:2)
  Harold (Lair:2)
  3 hydras
  2 two-headed ogres (D:9)
  Erica (D:10)
  2 death yaks (D:10)
  A sixfirhy (Gauntlet)
  5 elephants
  3 black mambas
  3 spiny frogs
  A torpor snail (Gauntlet)
  A komodo dragon (Lair:2)
  2 rime drakes (Lair:3)
  A troll (D:10)
  2 hippogriffs
  A redback (Lair:2)
  A fire bat (Gauntlet)
  17 yaks
  A basilisk (Lair:1)
  3 vampire mosquitoes
  3 porcupines
  3 water moccasins
  An orc warrior (D:9)
  3 ogres (D:9)
  6 centaurs
  A crocodile (Lair:1)
  A bullfrog (Lair:2)
  A jelly (D:9)
  A hound skeleton (D:8)
  3 gnolls (D:2)
  An ufetubus (Gauntlet)
  A leopard gecko (D:6)
77 creatures vanquished.

Vanquished Creatures (others)
  2 plants
2 creatures vanquished.

Grand Total: 303 creatures vanquished

Notes
Turn   | Place    | Note
-------+----------+-------------------------------------------
     0 | D:1      | DavidChitty2 the Deep Elf Wizard began the quest for the
                  | Orb.
     0 | D:1      | Reached XP level 1. HP: 10/10 MP: 7/7
   228 | D:1      | Reached XP level 2. HP: 15/15 MP: 2/9
   290 | D:1      | Learned a level 2 spell: Blink
   294 | D:1      | Learned a level 2 spell: Call Imp
   334 | D:1      | Found an iron altar of Okawaru.
  1306 | D:2      | Reached XP level 3. HP: 19/19 MP: 2/11
  1690 | D:2      | Reached skill level 5 in Spellcasting
  1710 | D:2      | Learned a level 3 spell: Conjure Flame
  1714 | D:2      | Learned a level 3 spell: Mephitic Cloud
  2207 | D:3      | Reached XP level 4. HP: 24/24 MP: 2/13
  3464 | D:4      | Reached skill level 1 in Poison Magic
  3464 | D:4      | Reached XP level 5. HP: 28/28 MP: 3/14
  3645 | D:4      | Reached skill level 1 in Air Magic
  3662 | D:4      | Reached skill level 1 in Fire Magic
  3674 | D:4      | Reached XP level 6. HP: 15/32 MP: 2/16
  4514 | D:4      | Reached XP level 7. HP: 24/36 MP: 9/17
  4794 | D:4      | Reached skill level 6 in Spellcasting
  4864 | D:4      | Reached skill level 5 in Conjurations
  5138 | D:5      | Entered Level 5 of the Dungeon
  5338 | D:5      | Found a staircase to the Ecumenical Temple.
  5344 | Temple   | Entered the Ecumenical Temple
  5561 | Temple   | Became a worshipper of Vehumet
  5615 | D:5      | Identified the Volume of Curses and Dark Secrets
  5671 | D:5      | Reached skill level 5 in Dodging
  6292 | D:5      | Got a twisted hand crossbow
  6356 | D:5      | Reached XP level 8. HP: 29/41 MP: 9/20
  6575 | D:5      | Reached skill level 7 in Spellcasting
  7210 | D:5      | Reached skill level 1 in Fighting
  7500 | D:5      | Found a glowing golden altar of the Shining One.
  7506 | D:5      | Found a white marble altar of Elyvilon.
  7579 | D:6      | Identified the +9 hand crossbow "Uwni" {freeze, Fragile
                  | Int+4 SInv} (You found it on level 5 of the Dungeon)
  7733 | D:6      | Found Hytaink's Food Shoppe.
  8428 | D:6      | Reached XP level 9. HP: 48/48 MP: 6/22
  8508 | D:6      | Reached * piety under Vehumet
  8508 | D:6      | Offered knowledge of Shock by Vehumet.
  8665 | D:6      | Reached skill level 8 in Spellcasting
  8919 | D:6      | Got a coiled steel amulet
  8922 | D:6      | Identified the amulet of Uwkehipn {rElec rC- Regen+ Int+8
                  | SInv} (You found it on level 6 of the Dungeon)
  8970 | D:6      | Noticed Edmund
  8999 | D:6      | Killed Edmund
  9456 | D:6      | Noticed Sigmund
  9461 | D:6      | Killed Sigmund
  9697 | D:7      | Learned a level 4 spell: Summon Ice Beast
 10170 | D:7      | Reached skill level 1 in Ice Magic
 10649 | D:8      | Reached skill level 9 in Spellcasting
 10716 | D:8      | Found Asexom's Weapon Shoppe.
 11099 | D:8      | Found a shimmering altar of Xom.
 11397 | D:8      | Offered knowledge of Searing Ray by Vehumet.
 11490 | D:8      | Reached ** piety under Vehumet
 12059 | D:9      | Noticed a two-headed ogre
 12485 | D:9      | Killed a two-headed ogre
 12485 | D:9      | Reached XP level 10. HP: 56/56 MP: 14/25
 13161 | D:9      | Reached skill level 10 in Spellcasting
 13943 | D:10     | Entered Level 10 of the Dungeon
 13973 | D:10     | Reached skill level 5 in Fighting
 14275 | D:10     | Noticed Erica
 14288 | D:10     | Killed Erica
 14288 | D:10     | Reached skill level 11 in Spellcasting
 14565 | D:10     | Found Votreis's General Store.
 14596 | D:10     | Bought a +1 pair of boots of stealth for 247 gold pieces
 14611 | D:10     | Found a staircase to the Lair.
 14613 | D:10     | Noticed a death yak
 14613 | D:10     | Noticed a death yak
 14615 | D:10     | Noticed a death yak
 14643 | D:10     | Killed a death yak
 14643 | D:10     | Reached skill level 10 in Dodging
 14827 | D:9      | Offered knowledge of Inner Flame by Vehumet.
 15013 | D:10     | Noticed a two-headed ogre
 15025 | D:9      | Killed a two-headed ogre
 15234 | D:10     | Reached *** piety under Vehumet
 15234 | D:10     | Reached XP level 11. HP: 64/64 MP: 17/28
 15460 | D:10     | Killed a death yak
 15564 | D:10     | Killed a death yak
 15963 | Lair:1   | Entered Level 1 of the Lair of Beasts
 16144 | Lair:1   | Reached skill level 12 in Spellcasting
 16921 | Lair:1   | Noticed a four-headed hydra
 16928 | Lair:1   | Killed a four-headed hydra
 17349 | Lair:1   | Offered knowledge of Olgreb's Toxic Radiance by Vehumet.
 17355 | Lair:1   | Learned a level 4 spell: Olgreb's Toxic Radiance
 17530 | Lair:2   | Reached skill level 1 in Polearms
 17723 | Lair:2   | Learned a level 6 spell: Deflect Missiles
 17812 | Lair:2   | Noticed Harold
 17816 | Lair:2   | Noticed Gastronok
 17864 | Lair:2   | Killed Harold
 17864 | Lair:2   | Reached skill level 1 in Charms
 18013 | Lair:2   | Killed Gastronok
 18973 | Lair:2   | Found a hole to the Spider Nest.
 18982 | Lair:2   | Reached XP level 12. HP: 72/72 MP: 24/30
 19314 | Lair:3   | Noticed an eight-headed hydra
 19321 | Lair:3   | Killed an eight-headed hydra
 19330 | Lair:3   | Reached **** piety under Vehumet
 19984 | Lair:3   | Reached skill level 13 in Spellcasting
 20100 | Lair:3   | Noticed a seven-headed hydra
 20109 | Lair:3   | Killed a seven-headed hydra
 20251 | Lair:3   | Offered knowledge of Ignite Poison by Vehumet.
 20256 | Lair:3   | Learned a level 3 spell: Ignite Poison
 20516 | Lair:4   | Found a gate leading to a gauntlet.
 20543 | Lair:4   | Noticed Nergalle
 20576 | Lair:4   | Killed Nergalle
 20576 | Lair:4   | Reached skill level 1 in Transmutations
 20586 | Gauntlet | Entered a Gauntlet
 20586 | Gauntlet | Found a transporter.
 20586 | Gauntlet | Found a transporter.
 20701 | Gauntlet | Found a transporter.
 20705 | Gauntlet | Found a transporter.
 20717 | Gauntlet | Found a transporter.
 20717 | Gauntlet | Found a transporter.
 20719 | Gauntlet | Noticed a balrug
 20725 | Gauntlet | Found a transporter.
 20738 | Gauntlet | Noticed a hell hog
 20741 | Gauntlet | Found a transporter.
 20755 | Gauntlet | Found a transporter.
 20767 | Gauntlet | Found a transporter.
 20771 | Gauntlet | Found a transporter.
 20884 | Gauntlet | Got a fine sapphire amulet
 20890 | Gauntlet | Found a runed translucent door.
 20940 | Gauntlet | Found a transporter.
 21095 | Gauntlet | Killed from afar by a hell hog

Levels and vault maps discovered:
D:1:      giann_bridges, layout_loops_ring, okawaru_ov_weapons_minmay
D:2:      layout_basic
D:3:      layout_basic
D:4:      layout_loops_ring, nicolae_ossuary_entry_catacombs,
          portal_sewer_entry_b, hangedman_decor_lopped, grunt_ministairs_2
D:5:      layout_basic, amethyst_overflow_temple_binary,
          minmay_temple_entry_enclosed_plants, serial_glass, glass_columns_c,
          glass_columns_a, due_unseen_surprise, feat_on_display, first_ration,
          minmay_a_box_with_orc_wizards_in_it
D:6:      cheibrodos_fzero, layout_basic, serial_shops, kennysheep_little_box,
          uniq_edmund, uniq_sigmund
D:7:      layout_loops_ring, minmay_manual_mess
D:8:      layout_basic, xom_butterflies, serial_shops, shop
D:9:      layout_irregular_city
D:10:     layout_basic, dpeg_lair_monsters, serial_shops, shop_fountains,
          uniq_erica
Temple:   dpeg_five_rooms_temple
Lair:1:   layout_regular_city, serial_bayou_shore_b
Lair:2:   layout_small_grid, nicolae_spider_entry_tight_spaces, uniq_gastronok,
          uniq_harold
Lair:3:   layout_hall_layers, portal_ice_cave_rime, grunt_megastairs_2
Lair:4:   layout_concentric_octagons, elwin_shoals_entry_rocks,
          gauntlet_entry_generic, serial_bayou_shore_b, serial_bayou_shore_b,
          lemuel_fruit_fields, infiniplex_staircase_pool, uniq_sonja,
          uniq_nergalle
Gauntlet: minmay_gauntlet_77_indecision [minmay_gauntlet_arena_77_squiggly,
          minmay_gauntlet_arena_77_broken_ladder, minmay_gauntlet_arena_77_path,
          minmay_gauntlet_arena_77_radiant_squares,
          minmay_gauntlet_arena_77_mirror,
          minmay_gauntlet_arena_77_double_cross,
          nicolae_gauntlet_exit_dead_adventurers]

Skill      XL: |  1  2  3  4  5  6  7  8  9 10 11 12 |
---------------+-------------------------------------+-----
Conjurations   | 2 3 4 6 7 8 |  8.0
Dodging        | 3 4 5 6 8 10 11 | 11.8
Spellcasting   | 5 6 7 9 11 12 13 | 13.1
Poison Magic   | 1 2 3 4 |  4.0
Air Magic      | 1 2 3 |  3.5
Fire Magic     | 1 2 3 4 |  4.0
Summonings     | 2 3 4 |  4.0
Translocations | 2 |  2.0
Fighting       | 1 4 5 7 |  7.4
Ice Magic      | 3 4 |  4.0
Polearms       | 2 3 |  3.6
Charms         | 2 4 |  4.1
Transmutations | 2 |  2.1
Stealth        | |  2.4

Action                   |  1- 3 |  4- 6 |  7- 9 | 10-12 || total
-------------------------+-------+-------+-------+-------++-------
Melee: Spear             |       |    27 |    34 |    81 ||   142
 Fire: Hunting sling     |     8 |     2 |    27 |       ||    37
 Cast: Magic Dart        |    76 |    89 |   501 |   248 ||   914
       Call Imp          |     7 |       |     7 |       ||    14
       Blink             |     1 |       |     1 |     7 ||     9
       Conjure Flame     |     2 |     6 |    28 |     3 ||    39
       Mephitic Cloud    |       |     3 |    18 |    31 ||    52
       Summon Ice Beast  |       |       |     9 |   144 ||   153
       Olgreb's Toxic Ra |       |       |       |    36 ||    36
Evoke: Wand              |       |       |     1 |       ||     1
  Use: Scroll            |       |     8 |     7 |     7 ||    22
       Potion            |       |       |     2 |     4 ||     6
 Stab: Confused          |       |       |     2 |     2 ||     4
  Eat: Chunk             |     4 |     7 |    10 |    20 ||    41
       Ration            |       |       |     4 |     2 ||     6
Armor: Robe              |     6 |     5 |    34 |    48 ||    93
Dodge: Dodged            |    12 |    13 |   148 |   223 ||   396

Table legend:
 A = Non-vault XP
 B = Vault XP
 C = Vault XP percentage of total XP
 D = Non-vault monster count
 E = Vault monster count
 F = Vault count percentage of total count
                 A         B        C        D         E       F
            +---------+---------+-------+---------+---------+-------
      Total |   17362 |   11957 |  40.8 |     233 |      68 |  22.6
            +---------+---------+-------+---------+---------+-------
        D:1 |      30 |       0 |   0.0 |      17 |       0 |   0.0
        D:2 |      38 |       0 |   0.0 |      11 |       0 |   0.0
        D:3 |      83 |       0 |   0.0 |      24 |       0 |   0.0
        D:4 |     352 |     561 |  61.4 |      14 |      12 |  46.2
        D:5 |     914 |     326 |  26.3 |      20 |       6 |  23.1
        D:6 |     520 |     933 |  64.2 |      17 |      12 |  41.4
        D:7 |     155 |      75 |  32.6 |       7 |       3 |  30.0
        D:8 |    1027 |       0 |   0.0 |      19 |       0 |   0.0
        D:9 |    3215 |     103 |   3.1 |      35 |       1 |   2.8
       D:10 |    1518 |    2785 |  64.7 |      23 |       8 |  25.8
     Lair:1 |    3286 |       0 |   0.0 |      13 |       0 |   0.0
     Lair:2 |    2213 |    3979 |  64.3 |      17 |      11 |  39.3
     Lair:3 |    3576 |     602 |  14.4 |      13 |       2 |  13.3
     Lair:4 |     435 |     626 |  59.0 |       3 |       1 |  25.0
   Gauntlet |       0 |    1967 | 100.0 |       0 |      12 | 100.0
            +---------+---------+-------+---------+---------+-------
